 Dungeon Crawl Stone Soup version 0.20-b1-12-g5827e59 (webtiles) character file.

73 wingedge the Bolt Thrower (level 4, -2/34 HPs)
             Began as a Human Hunter on May 23, 2017.
             Was an Initiate of Trog.
             Slain by a river rat (6 damage)
             ... on level 3 of the Dungeon.
             The game lasted 00:05:35 (1244 turns).

wingedge the Bolt Thrower (Human Hunter)            Turns: 1244, Time: 00:05:36

Health: -2/34      AC:  5    Str: 12    XL:     4   Next: 51%
Magic:  13/13      EV: 10    Int: 12    God:    Trog [......]
Gold:   171        SH:  3    Dex: 14    Spells: 3/3 levels left

rFire    . . .     SeeInvis .   u - -3 trident (curse)
rCold    . . .     Gourm    .   s - +0 buckler
rNeg     . . .     Faith    .   v - +0 ring mail
rPois    .         Spirit   .   (no helmet)
rElec    .         Reflect  .   (no cloak)
rCorr    .         Harm     .   (no gloves)
MR       .....                  (no boots)
Stlth    +.........             (no amulet)
Regen    0.2/turn               w - ring of magical power
MPRegen  0.2/turn               (no ring)

@: no status effects
A: no striking features
a: Burn Spellbooks, Renounce Religion


You were on level 3 of the Dungeon.
You worshipped Trog.
Trog was noncommittal.
You were not hungry.

You visited 1 branch of the dungeon, and saw 3 of its levels.

You collected 171 gold pieces.

Inventory:

Hand Weapons
 a - a +1 hand crossbow
 b - a +0 short sword
 u - a cursed -3 trident (weapon)
Missiles
 d - 82 bolts
 m - 38 arrows
 r - 3 curare-tipped needles
Armour
 c - a +0 leather armour
 g - a +0 plate armour
 s - a +0 buckler (worn)
 v - a +0 ring mail (worn)
Jewellery
 w - a ring of magical power (left hand)
Scrolls
 e - a scroll of magic mapping
 i - a scroll of blinking {unknown}
 o - a scroll of teleportation
 q - a scroll of fog
 t - a scroll of identify
Potions
 h - a potion of haste {unknown}
 n - a potion of heal wounds {unknown}
 p - 2 potions of curing
Comestibles
 f - 2 bread rations
 j - 3 fruits
 k - 2 meat rations
 l - a royal jelly


   Skills:
 + Level 2.5 Fighting
 + Level 5.2 Crossbows
 + Level 0.6 Armour
 + Level 2.0 Dodging
 + Level 1.1 Stealth
 + Level 0.2 Shields


You had 3 spell levels left.
You didn't know any spells.

Dungeon Overview and Level Annotations

Branches:
Dungeon (3/15)

Altars:
Ashenzari
Trog


Message History

The river rat bites you. The river rat barely misses you.
You hit the river rat but do no damage.
The river rat is severely wounded.
The river rat bites you.
You hit the river rat.
You kill the river rat!
Trog accepts your kill.
You closely miss the river rat.
The river rat is lightly wounded.
The river rat bites you.
* * * LOW HITPOINT WARNING * * *
The river rat bites you but does no damage.
You closely miss the river rat.
The river rat is lightly wounded.
The river rat bites you.
* * * LOW HITPOINT WARNING * * *
You hit the river rat.
The river rat is moderately wounded.
The river rat bites you.
You die...

#.# #.# #.#
#.# #.# #.#
#.# #.# #@#
*******#r#
**........#
*,......).#
*,≈≈.(....#
*≈≈.≈≈....#
*≈≈≈≈≈(...#
**#++≈≈...#
*≈≈≈#≈≈≈..#


You could see a river rat.

Vanquished Creatures
  An adder (D:3)
  A river rat (D:3)
  A dart slug (D:1)
  A leopard gecko (D:3)
  3 orcs (D:3)
  3 giant cockroaches
  9 goblins
  4 hobgoblins (D:1)
  4 jackals (D:1)
  2 ball pythons (D:3)
  A bat (D:1)
  3 frilled lizards
  8 kobolds
  6 rats
47 creatures vanquished.

Notes
Turn   | Place    | Note
-------+----------+-------------------------------------------
     0 | D:1      | wingedge the Human Hunter began the quest for the Orb.
     0 | D:1      | Reached XP level 1. HP: 16/16 MP: 1/1
   147 | D:1      | Reached XP level 2. HP: 22/22 MP: 2/2
   288 | D:1      | Reached XP level 3. HP: 27/27 MP: 3/3
   889 | D:2      | You fall through a shaft!
   902 | D:3      | Found a bloodstained altar of Trog.
   907 | D:3      | Became a worshipper of Trog the Wrathful
  1061 | D:3      | Found a shattered altar of Ashenzari.
  1117 | D:3      | Reached skill level 5 in Crossbows
  1117 | D:3      | Reached XP level 4. HP: 34/34 MP: 4/4
  1244 | D:3      | Slain by a river rat

Skill      XL: |  1  2  3 |
---------------+----------+-----
Crossbows      | 5 |  5.2
Fighting       | |  2.5
Armour         | |  0.6
Dodging        | |  2.0
Stealth        | |  1.1
Shields        | |  0.2

Action                   |  1- 3 |  4- 6 || total
-------------------------+-------+-------++-------
Melee: Short sword       |    18 |       ||    18
       Trident           |       |    18 ||    18
 Fire: Hand crossbow     |    78 |    11 ||    89
  Use: Scroll            |     6 |       ||     6
  Eat: Chunk             |     1 |       ||     1
Armor: Plate armour      |     6 |       ||     6
       Leather armour    |     8 |       ||     8
       Ring mail         |     4 |     8 ||    12
Dodge: Dodged            |    19 |    15 ||    34
Block: Buckler           |       |     4 ||     4
